 Dungeon Crawl Stone Soup version 0.31-a0-1612-g4aaf141004 (webtiles) character file.

Game seed: 6300772368314805557

8010 Gargoyl the Cleaver (level 11, -2/103 HPs)
             Began as a Gargoyle Berserker on Jan 9, 2024.
             Was an Elder of Trog.
             Slain by a four-headed hydra (11 damage)
             ... on level 9 of the Dungeon.
             The game lasted 00:11:04 (6255 turns).

Gargoyl the Cleaver (Gargoyle Berserker)            Turns: 6255, Time: 00:11:05

Health: -2/103     AC: 30    Str: 21    XL:     11   Next: 24%
Magic:  11/11      EV:  8    Int: 14    God:    Trog [****..]
Gold:   545        SH:  0    Dex: 19    Spells: 10/10 levels left

rFire   . . .        a - +2 hand axe (flame)
rCold   . . .        (no shield)
rNeg    + . .        c - +1 plate armour
rPois   ∞            k - +2 helmet
rElec   +            (no cloak)
rCorr   .            p - +2 pair of gloves
SInv    .            (no boots)
Will    ++...        t - amulet of regeneration Stlth
                     f - +6 ring of dexterity
HPRegen 2.17/turn    s - +6 ring of intelligence
MPRegen 0.12/turn

%: no passive effects
@: berserking (expiring), on fire, strong-willed, regenerating, glowing, very
quick
A: sickness immunity, AC +8, negative energy resistance 1, electricity
resistance, torment resistance 1, petrification resistance
a: Renounce Religion, Berserk, Trog's Hand, Brothers in Arms


You were on level 9 of the Dungeon.
You worshipped Trog.
Trog was greatly pleased with you.
You visited 1 branch of the dungeon, and saw 9 of its levels.
You also visited: Bailey.

You collected 545 gold pieces.

Inventory:

Hand Weapons
 a - a +2 hand axe of flaming (weapon)
 b - a +3 falchion
 y - a +2 war axe of freezing
Missiles
 m - 5 curare-tipped darts (quivered)
 n - a throwing net
Armour
 c - a +1 plate armour (worn)
 k - a +2 helmet (worn)
 p - a +2 pair of gloves (worn)
Jewellery
 f - a +6 ring of dexterity (left hand)
 s - a +6 ring of intelligence (right hand)
 t - an amulet of regeneration (around neck)
Wands
 w - a wand of polymorph (8)
 x - a wand of paralysis (10)
 z - a wand of mindburst (9)
Scrolls
 j - a scroll of noise {unknown}
 o - a scroll of fog
 r - a scroll of vulnerability
 A - a scroll of identify
Potions
 d - a potion of resistance
 e - 6 potions of enlightenment
 g - 2 potions of heal wounds
 h - 2 potions of haste
 i - a potion of invisibility
 l - a potion of lignification
 q - a potion of cancellation {unknown}
 u - a potion of berserk rage {unknown}
 v - a potion of mutation {unknown}
 B - a potion of degeneration {unknown}


   Skills:
 + Level 8.5 Fighting
 + Level 11.7 Axes
 + Level 1.3 Throwing
 + Level 9.3 Armour
 + Level 3.2 Dodging
 + Level 2.1 Stealth


You had 10 spell levels left.
You didn't know any spells.
Your spell library was empty.

Dungeon Overview and Level Annotations

Branches:
Dungeon (9/15)             Temple (0/1) D:6          Bailey (visited)
   Lair: D:8-11         Orc: D:9-12

Altars:
Cheibriados
Gozag
Makhleb
Sif Muna
Trog
Xom
Yredelemnul
The Shining One

Annotations:
D:6 2 runed translucent doors, Bnni's ghost, novice FoFi; Jeremiah


Innate Abilities, Weirdness & Mutations

You are immune to sickness and miasma.
Your stone body is resilient. (AC +8)
You are immune to poison.
You resist negative energy. (rN+)
You are resistant to electric shocks. (rElec)
You are resistant to unholy torment.
You are immune to petrification.


Message History

Your +2 war axe of freezing stops glowing.
Your +2 hand axe of flaming bursts into flame!
a - a +2 hand axe of flaming (weapon)
The liquid fire burns you!
* * * LOW HITPOINT WARNING * * *
The centaur wields a +0 shortbow.
The centaur shoots an arrow.
The arrow hits you but does no damage.
You lop one of the seven-headed hydra's heads off!
The flame cauterises the wound!
You slash the six-headed hydra! You burn the six-headed hydra.
Your punch misses the six-headed hydra.
The six-headed hydra is heavily wounded.
The liquid fire burns you!
* * * LOW HITPOINT WARNING * * *
The six-headed hydra bites you but does no damage. x4
The six-headed hydra misses you.
The six-headed hydra bites you but does no damage.
You lop one of the six-headed hydra's heads off!
The flame cauterises the wound!
You slash the five-headed hydra! You burn the five-headed hydra!
The five-headed hydra is almost dead.
The liquid fire burns you!
* * * LOW HITPOINT WARNING * * *
The centaur shoots an arrow.
The arrow closely misses you.
You slice one of the five-headed hydra's heads off!
The flame cauterises the wound!
You hit the four-headed hydra. You burn the four-headed hydra.
The four-headed hydra is almost dead.
The liquid fire burns you!
* * * LOW HITPOINT WARNING * * *
The centaur shoots an arrow.
The arrow hits you but does no damage.
You barely miss the four-headed hydra.
The four-headed hydra is almost dead.
The liquid fire burns you!
* * * LOW HITPOINT WARNING * * *
The four-headed hydra bites you but does no damage.
The four-headed hydra bites you.
* * * LOW HITPOINT WARNING * * *
The four-headed hydra bites you but does no damage.
The four-headed hydra bites you!
You die...

#.######....######.#
#.# ####.# ###
#.########### ######
#.#......... ......
#.#......... ......
#.#..###############
#.#.............# #.
#.#.............###.
#.#@##########..##..
#.#†D...... #..#...
#.#c....... #......
#.#:.#####. ##....##
#.#..# #..####.
#.#..# #)##....
#.#..# ##.......
#.#..# #........ #.#
##........


You could see a four-headed hydra (slow) and a centaur.

Vanquished Creatures
  2 two-headed ogres
  A deep elf pyromancer (D:9)
  2 cyclopes
  A kobold demonologist (D:9)
  Sigmund (D:5)
  A shadow (D:9)
  2 yaks (D:9)
  2 acid dragons
  A water moccasin (D:8)
  7 orc warriors
  2 ogres (D:5)
  6 centaurs
  3 bullfrogs
  5 scorpions
  13 wights
  6 killer bees (D:9)
  A bombardier beetle (D:7)
  4 orc priests
  5 hounds
  A gnoll bouda (D:9)
  Jessica (D:2)
  A sleepcap (D:4)
  Terence (D:2)
  5 orc wizards
  3 iguanas
  Robin (D:2)
  9 gnolls
  3 adders
  A shadow imp (D:6)
  A white imp (D:8)
  A ribbon worm (D:3)
  5 dart slugs
  24 orcs
  9 ball pythons
  5 endoplasms
  5 giant cockroaches
  13 hobgoblins
  6 jackals
  19 kobolds
  2 quokkas (D:2)
  8 bats
  4 frilled lizards
  23 goblins
  2 rats
218 creatures vanquished.

Vanquished Creatures (collateral kills)
  A two-headed ogre (D:9)
  2 yaks (D:9)
3 creatures vanquished.

Vanquished Creatures (others)
  An orc wizard (D:9)
1 creature vanquished.

Grand Total: 222 creatures vanquished

Notes
Turn   | Place    | Note
-------+----------+-------------------------------------------
     0 | D:1      | Gargoyl the Gargoyle Berserker began the quest for the Orb.
     0 | D:1      | Reached XP level 1. HP: 14/14 MP: 1/1
   151 | D:1      | Found a faded altar of an unknown god.
   196 | D:1      | Reached XP level 2. HP: 19/19 MP: 2/2
   250 | D:1      | Reached skill level 3 in Axes
   755 | D:1      | Reached ** piety under Trog
   756 | D:1      | Reached XP level 3. HP: 20/24 MP: 3/3
  1119 | D:2      | Found a basalt altar of Yredelemnul.
  1293 | D:2      | Noticed Terence
  1293 | D:2      | Noticed Jessica
  1298 | D:2      | Killed Jessica
  1299 | D:2      | Reached XP level 4. HP: 29/29 MP: 4/4
  1300 | D:2      | Killed Terence
  1301 | D:2      | Reached skill level 1 in Stealth
  1445 | D:2      | Noticed Robin
  1456 | D:2      | Reached XP level 5. HP: 32/33 MP: 5/5
  1457 | D:2      | Killed Robin
  1671 | D:3      | Reached skill level 4 in Axes
  1745 | D:3      | Found a bloodstained altar of Trog.
  1877 | D:3      | Found a burning altar of Makhleb.
  2499 | D:4      | Reached XP level 6. HP: 39/39 MP: 6/6
  2727 | D:4      | Reached skill level 5 in Axes
  2748 | D:4      | Found an opulent altar of Gozag.
  2754 | D:4      | Found a shimmering altar of Xom.
  2897 | D:4      | Reached *** piety under Trog
  2898 | D:4      | Reached XP level 7. HP: 40/44 MP: 7/7
  3302 | D:5      | Entered Level 5 of the Dungeon
  3554 | D:5      | Found a glowing golden altar of the Shining One.
  3617 | D:5      | Reached skill level 5 in Fighting
  3617 | D:5      | Reached skill level 6 in Axes
  3896 | D:6      | Reached XP level 8. HP: 49/49 MP: 8/8
  3939 | D:6      | Found a runed translucent gate.
  3939 | D:6      | Noticed Bnni's ghost (novice FoFi)
  3940 | D:6      | Found a runed translucent gate.
  4040 | D:6      | Noticed Jeremiah
  4041 | D:6      | Noticed Sigmund
  4077 | D:6      | Noticed a two-headed ogre
  4108 | D:5      | Killed a two-headed ogre
  4109 | D:5      | Reached skill level 8 in Axes
  4109 | D:5      | Reached skill level 5 in Armour
  4109 | D:5      | Reached XP level 9. HP: 46/55 MP: 9/9
  4131 | D:5      | Killed Sigmund
  4132 | D:5      | Reached skill level 1 in Throwing
  4190 | D:6      | Found a staircase to the Ecumenical Temple.
  4232 | D:7      | Found a snail-covered altar of Cheibriados.
  4458 | D:7      | Reached skill level 9 in Axes
  4887 | D:8      | Found a flagged portal.
  4913 | Bailey   | Entered a bailey
  5080 | Bailey   | Reached **** piety under Trog
  5418 | D:8      | Reached XP level 10. HP: 56/63 MP: 10/10
  5495 | D:8      | Noticed a cyclops
  5502 | D:8      | Killed a cyclops
  5629 | D:8      | Reached skill level 10 in Axes
  5707 | D:8      | Found a shimmering blue altar of Sif Muna.
  6000 | D:9      | Noticed a two-headed ogre
  6015 | D:9      | Killed a two-headed ogre
  6123 | D:9      | Noticed a two-headed ogre
  6136 | D:9      | Reached skill level 11 in Axes
  6144 | D:9      | Killed a two-headed ogre
  6145 | D:9      | Reached XP level 11. HP: 68/68 MP: 11/11
  6234 | D:9      | Noticed a cyclops
  6234 | D:9      | Noticed a deep elf pyromancer
  6241 | D:9      | Killed a deep elf pyromancer
  6242 | D:9      | Noticed a six-headed hydra
  6249 | D:9      | Killed a cyclops
  6255 | D:9      | Slain by a four-headed hydra

Illustrated notes

Levels and vault maps discovered:
D:1:      minmay_arrival_wavy_path, layout_loops_corners,
          hellmonk_ecumenical_altar_zigzags, minmay_curled_crystal,
          minmay_hexomino_p4
D:2:      layout_basic, basic_altar, uniq_robin, uniq_terence, uniq_jessica
D:3:      layout_basic, overflow_temple_1_default, overflow_temple_1_default,
          minmay_misc_feat_secret_circle, kennysheep_donut, chequers_garden
D:4:      layout_basic, jmf_multi_god_temple
D:5:      layout_rooms, tso_oasis_becter
D:6:      layout_rooms, nicolae_dithmenos_shadow_blocks,
          minmay_temple_entry_mist, biasface_ghost_orc_armoury, minivault_11,
          uniq_sigmund, uniq_jeremiah
D:7:      layout_rooms, cheibriados_altar_1, minmay_misc_feat_square,
          grunt_decor_cap, minmay_fractal_squares_5
D:8:      layout_cave_pools, tgw_sif, enter_bailey_5, minmay_sticks_and_stones
D:9:      minmay_quarter_circles, layout_gridville,
          chequers_serial_rivers_small_3, minmay_guarded_unrand_resistance

Skill      XL: |  1  2  3  4  5  6  7  8  9 10 11 |
---------------+----------------------------------+-----
Axes           | 3 4 5 6 8 9 11 | 11.7
Dodging        | 2 3 |  3.2
Fighting       | 4 5 6 7 8 |  8.5
Stealth        | 1 2 |  2.1
Armour         | 3 4 5 7 8 9 |  9.3
Throwing       | 1 |  1.3

Action                     |  1- 3 |  4- 6 |  7- 9 | 10-12 || total
---------------------------+-------+-------+-------+-------++-------
  Melee: Hand axe          |    88 |   120 |   305 |    61 ||   574
         Punch             |     1 |     2 |     2 |     1 ||     6
         War axe           |       |       |       |    81 ||    81
  Throw: Dart              |       |       |    10 |       ||    10
 Invoke: Trog's Hand       |     1 |     3 |     5 |     4 ||    13
         Berserk           |     1 |     3 |     5 |     6 ||    15
         Brothers in Arms  |       |       |       |     1 ||     1
    Use: Scroll            |     3 |     7 |     8 |     1 ||    19
         Potion            |       |       |     2 |     1 ||     3
   Stab: Sleeping          |     2 |       |       |       ||     2
 Armour: Animal skin       |    54 |    17 |       |       ||    71
         Plate armour      |       |    98 |   291 |   211 ||   600
  Dodge: Dodged            |    83 |    63 |   119 |    69 ||   334

Table legend: (Time is in decaauts)
 A = Elapsed time spent in this place.
 B = Non-inter-level travel time spent in this place.
 C = Inter-level travel time spent in this place.
 D = Time resting spent in this place.
 E = Time spent auto-exploring this place.
 F = Levels seen in this place.
 G = Mean time per level.
                   A        B        C        D        E       F      G
               +--------+--------+--------+--------+--------+-----+--------+
         Total |   6332 |   6152 |    180 |    154 |   4080 |  10 |  633.2 |
       Dungeon |   5893 |   5713 |    180 |    130 |   3961 |   9 |  654.8 |
        Bailey |    438 |    438 |      0 |     24 |    119 |   1 |  438.0 |
               +--------+--------+--------+--------+--------+-----+--------+

Top non-repeatable levels by time:
     D:1: 940 daAuts
     D:3: 939 daAuts
     D:4: 870 daAuts
     D:5: 686 daAuts
     D:7: 639 daAuts
     D:2: 607 daAuts
     D:8: 575 daAuts
  Bailey: 438 daAuts
     D:9: 369 daAuts
     D:6: 265 daAuts
